 Dungeon Crawl Stone Soup version 0.22-a0-877-g5c4e1af (webtiles) character file.

8 prawnwizard the Slasher (level 2, 21/22 HPs)
             Began as a Demonspawn Gladiator on July 29, 2018.
             Got out of the dungeon alive.
             The game lasted 00:00:16 (126 turns).

prawnwizard the Slasher (Demonspawn Gladiator)       Turns: 126, Time: 00:00:17

Health: 21/22      AC:  4    Str: 14    XL:     2   Next: 0%
Magic:  2/2        EV: 12    Int:  9    God:
Gold:   7          SH:  0    Dex: 14    Spells: 1/1 levels left

rFire    . . .     SeeInvis .   a - +0 long sword
rCold    . . .     Gourm    .   (no shield)
rNeg     . . .     Faith    .   b - +0 leather armour
rPois    .         Spirit   .   c - +0 helmet
rElec    .         Reflect  .   (no cloak)
rCorr    .         Harm     .   (no gloves)
MR       .....                  (no boots)
Stlth    ++........             (no amulet)
HPRegen  0.07/turn              (no ring)
MPRegen  0.08/turn              (no ring)

@: no status effects
A: nightstalker 1
a: no special abilities


You escaped.
You were not hungry.

You visited 1 branch of the dungeon, and saw 1 of its levels.

You collected 7 gold pieces.

Inventory:

Hand Weapons
 a - a +0 long sword (weapon)
Missiles
 d - 3 throwing nets (quivered)
Armour
 b - a +0 leather armour (worn)
 c - a +0 helmet (worn)
Scrolls
 i - a scroll of identify {unknown}
Potions
 e - 2 potions of curing {unknown}
 h - 2 potions of berserk rage {unknown}
Comestibles
 f - a ration
 g - 4 chunks of flesh


   Skills:
 + Level 2.0 Fighting
 * Level 3.1 Long Blades
 - Level 1.7 Throwing
 + Level 2.8 Dodging


You had one spell level left.
You didn't know any spells.
Your spell library was empty.

Dungeon Overview and Level Annotations

Branches:
Dungeon (1/15)

Altars:


Innate Abilities, Weirdness & Mutations

You are slightly more attuned to the shadows.


Message History

No target in view!
No target in view!
There is an open door here.
There is a staircase leading out of the dungeon here.
You open the door.
There is an open door here.
A bat comes into view.
A bat is nearby!
A bat is nearby!
The bat closely misses you.
You riposte.
You closely miss the bat. The bat completely misses you.
You riposte.
You barely miss the bat. You slash the bat!
You kill the bat!
You have reached level 2!
Your demonic ancestry asserts itself...
You slip into the darkness of the dungeon.
There is an open door here.
There is a staircase leading out of the dungeon here.
Are you sure you want to leave the Dungeon?
This will make you lose the game!
You have escaped!

..........##.......# .#
########.#.###......##.#
.......................#
########.#.......###.###
####.###.###+# #+#
#....#.....).#
#.##.#'#.#'##### #
#.##...#.#.....#
#####.####.#.#..@..#
......# #.###..>..###
##########.# #.....#.# #
#...# #.....'.#
########.### #####+#.###
.........# +.....# # #
........##
##+###.###.#...#
........#
..............!.#
........#
#..#..........###


There were no monsters in sight!

Vanquished Creatures
  A giant cockroach (D:1)
  A goblin (D:1)
  A hobgoblin (D:1)
  4 bats (D:1)
  A rat (D:1)
8 creatures vanquished.

Notes
Turn   | Place    | Note
-------+----------+-------------------------------------------
     0 | D:1      | prawnwizard the Demonspawn Gladiator began the quest for the Orb.
     0 | D:1      | Reached XP level 1. HP: 16/16 MP: 1/1
    58 | D:1      | Reached skill level 3 in Long Blades
   116 | D:1      | Gained mutation: You are slightly more attuned to the shadows. [demonic ancestry]
   116 | D:1      | Reached XP level 2. HP: 20/22 MP: 2/2
   126 | D:$      | Got out of the dungeon alive.

Vault maps used:
D:1:      shiori_arrival_maze

Skill      XL: |  1 |
---------------+----+-----
Long Blades    | 3 |  3.1
Fighting       | |  2.0
Throwing       | |  1.7
Dodging        | |  2.8

Action                   || total
-------------------------++-------
Melee: Long sword        ||    20
Armor: Leather armour    ||    13
Dodge: Dodged            ||    17
       Rpst.: Long sword ||     7

Table legend:
 A = Spawn XP
 B = Non-spawn XP
 C = Spawn XP percentage of total XP
 D = Spawn monster count
 E = Non-spawn monster count
 F = Spawn count percentage of total count
 G = Total turns spent on level
                    A         B        C        D         E        F      G
               +---------+---------+-------+---------+---------+-------+---------
         Total |       0 |      12 |   0.0 |       0 |       8 |   0.0 |   126
               +---------+---------+-------+---------+---------+-------+---------
           D:1 |       0 |      12 |   0.0 |       0 |       8 |   0.0 |   126
               +---------+---------+-------+---------+---------+-------+---------
